 Dungeon Crawl Stone Soup version 0.31-a0-868-g674d60d6f7 (webtiles) character file.

Game seed: 17132525556780671662

125734 tilp the Unseen (level 16, -33/127 (129) HPs)
             Began as a Vampire Enchanter on Oct 11, 2023.
             Was the Champion of Wu Jian.
             Killed from afar by Nikola (119 damage)
             ... with an arc of chain lightning
             ... on level 3 of the Swamp.
             The game lasted 01:05:54 (32602 turns).

tilp the Unseen (Vampire Enchanter)                Turns: 32602, Time: 01:05:54

HP:   -33/127 (129) AC: 18    Str:  7    XL:     16   Next: 42%
MP:   23/29         EV: 16    Int: 27    God:    Wu Jian [******]
Gold: 40            SH:  0    Dex: 15    Spells: 2/34 levels left

rFire   + . .        a - +11 dagger of a bazaar {spect, rF+ Stlth+}
rCold   . . .        D - orb {guile}
rNeg    . . .        N - +1 leather armour {Will+}
rPois   +            n - +1 helmet
rElec   .            j - +1 cloak
rCorr   .            I - +1 pair of gloves
SInv    +            h - +2 pair of boots
Will    +....        M - amulet of the Tired Allies {Acrobat Fragile Fly rPois Int+2}
Stlth   +++++++      q - +4 ring of protection
HPRegen 0.61/turn    F - ring of willpower
MPRegen 0.21/turn

%: acrobat
@: confusing by touch, flying, healing quickly, lightly drained
A: alive, fangs 3, see invisible, vampiric 2
a: Exsanguinate, Renounce Religion, Wall Jump, Serpent's Lash, Heavenly Storm


You were on level 3 of the Swamp.
You worshipped Wu Jian.
Wu Jian was exalted by your worship.
You visited 6 branches of the dungeon, and saw 27 of its levels.
You also visited: Sewer, Bailey, Gauntlet and Ice Cave.

You collected 3593 gold pieces.
You spent 3553 gold pieces at shops.

Inventory:

Hand Weapons
 a - the +11 dagger of a bazaar (weapon) {spect, rF+ Stlth+}
   (You bought it in a shop on level 2 of the Orcish Mines)

   rF+:       It protects you from fire.
   Stlth+:    It makes you more stealthy.
 b - the +8 Vampire's Tooth {megavamp}
   (You bought it in a shop on level 2 of the Orcish Mines)
 P - a +4 dagger of freezing
Missiles
 w - 19 poisoned darts (quivered)
 x - 3 darts of dispersal
 E - 2 curare-tipped darts
 K - 5 silver javelins
 V - 2 throwing nets
Armour
 h - a +2 pair of boots (worn)
 j - a +1 cloak (worn)
 n - a +1 helmet (worn)
 o - a +1 buckler of cold resistance
 y - a scarf of resistance
 D - an orb of guile (worn)
 I - a +1 pair of gloves (worn)
 N - a +1 leather armour of willpower (worn)
Jewellery
 d - an amulet of the acrobat
 q - a +4 ring of protection (left hand)
 A - an amulet of reflection
 F - a ring of willpower (right hand)
 G - an amulet of regeneration
 M - the amulet of the Tired Allies (around neck) {Acrobat Fragile Fly rPois Int+2}
   (You bought it in a shop on level 2 of the Orcish Mines)

   [amulet of the acrobat]

   Acrobat:   It increases your evasion while moving and waiting.
   Int+2:     It affects your intelligence (+2).
   rPois:     It protects you from poison Fly: It grants you flight.
   Fragile:   It will be destroyed if unequipped.
 X - a ring of protection from cold
Wands
 s - a wand of paralysis (24)
 C - a wand of iceblast (24)
 H - a wand of polymorph (18)
 Q - a wand of quicksilver (4)
 R - a wand of mindburst (5)
 W - a wand of flame (4)
Scrolls
 g - 3 scrolls of poison
 t - 10 scrolls of teleportation
 v - 4 scrolls of fear
 z - a scroll of torment
 B - 2 scrolls of amnesia
 L - 3 scrolls of vulnerability
 U - 3 scrolls of fog
 Y - 2 scrolls of blinking
Potions
 c - 7 potions of enlightenment
 e - 8 potions of mutation
 f - 9 potions of heal wounds
 i - 6 potions of brilliance
 k - 3 potions of resistance
 l - 5 potions of lignification
 m - a potion of berserk rage
 r - 7 potions of curing
 u - 2 potions of cancellation
 J - 3 potions of attraction
 S - a potion of haste
 T - a potion of magic
 Z - 3 potions of ambrosia
Miscellaneous
 p - a condenser vane
 O - a phial of floods


   Skills:
 * Level 12.9 Fighting
 - Level 10.0 Short Blades
 + Level 6.0 Armour
 - Level 10.0 Dodging
 + Level 16.0 Stealth
 - Level 6.0 Shields
 + Level 9.6 Spellcasting
 - Level 4.0 Conjurations
 + Level 15.8 Hexes
 * Level 2.6 Translocations
 - Level 4.0 Ice Magic
 + Level 2.1 Air Magic
 + Level 8.7 Evocations


You had 2 spell levels left.
You knew the following spells:

 Your Spells              Type           Power      Damage    Failure   Level
a - Ensorcelled Hibernat  Hex/Ice        100%       N/A       1%          2
b - Confusing Touch       Hex            78%        N/A       1%          3
c - Tukima's Dance        Hex            78%        N/A       1%          3
d - Dazzling Flash        Conj/Hex       100%       N/A       1%          3
e - Cause Fear            Hex            39%        N/A       1%          4
f - Anguish               Hex/Necr       27%        N/A       2%          4
g - Silence               Hex/Air        28%        N/A       4%          5
h - Fulminant Prism       Conj/Hex       30%        3d16      1%          4
i - Blink                 Tloc           54%        N/A       3%          2
j - Lesser Beckoning      Tloc           54%        N/A       3%          2

Your spell library contained the following spells:

 Spells                   Type           Power      Damage    Failure   Level
 Magic Dart               Conj           100%       1d8       1%          1
 Kiss of Death            Conj/Necr      92%        2d12      2%          1
 Momentum Strike          Conj/Tloc      62%        3d9       2%          2
 Sandblast                Erth           26%        2d8       6%          1
 Call Imp                 Summ           26%        N/A       10%         2
 Passwall                 Tmut/Erth      10%        N/A       10%         2
 Sublimation of Blood     Necr           13%        N/A       10%         2
 Inner Flame              Hex/Fire       54%        N/A       1%          3
 Summon Guardian Golem    Hex/Summ       54%        N/A       1%          3
 Mephitic Cloud           Conj/Pois/Air  24%        N/A       9%          3
 Stone Arrow              Conj/Erth      46%        3d9       9%          3
 Ignite Poison            Fire/Tmut/Pois 13%        N/A       19%         3
 Brom's Barrelling Bould  Conj/Erth      23%        2d4       28%         4
 Flame Wave               Conj/Fire      23%        2d8       28%         4
 Sticky Flame             Conj/Fire      23%        2d4       28%         4
 Dispel Undead            Necr           13%        3d9       54%         4
 Petrify                  Tmut/Erth      13%        N/A       54%         4
 Fireball                 Conj/Fire      11%        3d7       61%         5
 Irradiate                Conj/Tmut      11%        3d15      61%         5
 Agony                    Necr           13%        N/A       87%         5
 Simulacrum               Ice/Necr       11%        N/A       99%         6
 Orb of Destruction       Conj           17%        9d7       100%        7
 Ozocubu's Refrigeration  Ice            17%        4d11      100%        7
 Spellforged Servitor     Conj/Summ      11%        N/A       100%        7
 Ignition                 Fire           6%         3d4       100%        8
 Dragon's Call            Summ           6%         N/A       100%        9
 Polar Vortex             Ice            17%        12d2*     100%        9


Dungeon Overview and Level Annotations

Branches:
Dungeon (15/15)            Temple (1/1) D:5            Lair (5/5) D:11
  Swamp (3/4) Lair:2        Snake (1/4) Lair:3        Slime (0/5) Lair:5
    Orc (2/2) D:11            Elf (0/3) Orc:2        Vaults (0/5) D:13
 Depths (0/4) D:15          Sewer (visited)          Bailey (visited)
  IceCv (visited)         Gauntlet (visited)

Altars:
Ashenzari
Cheibriados
Dithmenos
Fedhas
Gozag
Hepliaklqana
Kikubaaqudgha
Makhleb
Nemelex Xobeh
Okawaru
Qazlal
Ru
Sif Muna
Trog
Uskayaw
Vehumet
Wu Jian
Xom
Yredelemnul
Lugonu

Shops:
D:14 !   D:15 :   Orc:2 [=([

Portals:
Abyss: Swamp:1

Annotations:
D:5 exclusion: oklob plant
D:7 2 transporters, zurenarrh's ghost, novice FoEE
D:10 Snorg
Swamp:3 Nikola
Snake:1 Roxanne
Orc:2 1 runed translucent door, emiel's ghost, journeyman FoEE


Innate Abilities, Weirdness & Mutations

Your natural rate of healing is accelerated.
You have razor-sharp teeth.
You have supernaturally acute eyesight. (SInv)
You are afflicted with vampirism and can become a bat while bloodless.


Message History

You start waiting.
Nikola is nearby! 2 foxfires come into view.
The foxfire dissipates!
You see here the human skeleton of Kirke.
Casting: Ensorcelled Hibernation (safe; 1% risk of failure)
Confirm with . or Enter, or press ? or * to list all spells.
Aiming: Ensorcelled Hibernation (safe; 1% risk of failure)
Press: ? - help, Shift-Dir - straight line, f - Nikola
Aim: Nikola, wielding a +0 rapier of electrocution, wearing a +1 cloak of stealth and wearing the +1 pair of gloves of Awkydd {Regen+ Int-4 Slay+3 Stlth+} (wandering, hasn't noticed you, chance to affect: 54%) Nikola shouts!
Nikola resists with almost no effort.
Nikola casts a spell at you. The bolt of lightning hits you!!!
The mangrove smoulders and burns.
The will-o-the-wisp gives a chilling moan.
You hear a shout!
Casting: Ensorcelled Hibernation (safe; 1% risk of failure)
Confirm with . or Enter, or press ? or * to list all spells.
Aiming: Ensorcelled Hibernation (safe; 1% risk of failure)
Press: ? - help, Shift-Dir - straight line, f/p - Nikola
Aim: Nikola, wielding a +0 rapier of electrocution, wearing a +1 cloak of stealth and wearing the +1 pair of gloves of Awkydd {Regen+ Int-4 Slay+3 Stlth+} (chance to affect: 54%) Nikola looks drowsy...
The will-o-the-wisp blinks!
Unknown command.
The helpless Nikola fails to defend himself.
You stick Nikola like a pincushion!!!!!
Nikola is severely wounded.
Your +11 dagger of a bazaar {spect, rF+ Stlth+} hits Nikola!
Unknown command.
Casting: Ensorcelled Hibernation (safe; 1% risk of failure)
Confirm with . or Enter, or press ? or * to list all spells.
Your hands begin to glow red.
Your +11 dagger of a bazaar {spect, rF+ Stlth+} disappears.
Nikola hits you but does no damage.
Unknown command.
You closely miss Nikola.
Nikola is almost dead.
Nikola gestures wildly while chanting.
Lightning arcs from Nikola's hands!
The bolt of lightning hits you!!!!
Ouch! That really hurt!
You die...

♣ .~~~~~~.♣.♣ ~. ~.§~
~>$..♣♣♣.. ♣~.☼~
♣.~....♣ ~ ~...☼
♣...§~.♣ ~.
....○♣♣.....♣ ~~~
♣.~♣..♣v..♣♣ .~~~ ♣
♣(.....~§♣♣♣....> ♣♣
~. ♣♣§~~...♣♣~...^♣
~♣.~~ ♣%~~@@~.÷<÷~~~.♣
~~~§~
~.~~.♣♣...~~~~~§~~.♣
~~~~~ .f.~~
♣♣..~~~~~~§~.♣ ..~~~
~~~~~ ~~~~~...~...§~§~
f.~~~
~§~~~~~~~~♣♣♣~♣♣♣♣.~~~
♣♣... .....§~.~♣♣ ♣♣♣
.~~. ♣♣ ♣♣♣♣~..♣♣ ..~
.~. ~.


You could see Nikola and a will-o-the-wisp.

Vanquished Creatures
  Donald (Swamp:3)
  Kirke (Swamp:3)
  A very ugly thing (D:15)
  A reaper (IceCv)
  3 eleionomae
  Azrael (D:15)
  Nessos (Lair:4)
  2 bunyips
  A minotaur (Gauntlet)
  A fire dragon (Lair:5)
  The ghost of Ge0ff the Skirmisher, a journeyman OpHs of Hepliaklqana (Lair:1)
  A great orb of eyes (D:15)
  2 vault guards (Bailey)
  2 rakshasas (D:15)
  9 hydras
  An ogre mage (D:13)
  2 catoblepae
  2 boulder beetles
  5 alligators
  A ghost crab (Swamp:3)
  7 two-headed ogres
  2 tengu warriors (D:15)
  6 centaur warriors
  An orc high priest (D:11)
  A spriggan (Swamp:3)
  A skeletal warrior (D:13)
  A deep elf knight (D:13)
  2 goliath frogs (Swamp:1)
  2 spriggan druids
  A glowing orange brain (Gauntlet)
  A bog body (Lair:2)
  2 swamp dragons
  4 deep elf pyromancers
  A lindwurm (Lair:5)
  3 orc sorcerers
  An orc knight (Orc:2)
  A deep elf zephyrmancer (D:13)
  12 ugly things
  5 cyclopes
  3 manticores
  A faun (shapeshifter) (D:15)
  A will-o-the-wisp (Swamp:1)
  A moth of wrath (Gauntlet)
  A salamander (shapeshifter) (D:15)
  17 elephants
  A guardian serpent (shapeshifter) (D:14)
  5 black mambas
  2 molten gargoyles (Lair:5)
  Psyche (D:12)
  3 rime drakes
  Jeremiah (D:7)
  2 unseen horrors
  4 centaur skeletons (D:13)
  10 cane toads
  9 komodo dragons
  2 tengu conjurers
  6 ice devils (IceCv)
  An efreet (D:15)
  3 yaktaurs (D:13)
  2 anaconda simulacra (IceCv)
  6 polar bears
  6 trolls
  A wind drake (shapeshifter) (D:13)
  A polar bear (shapeshifter) (D:14)
  2 tyrant leeches
  2 hornets
  Prince Ribbit (Bailey)
  27 blink frogs
  13 slime creatures
  A dire elephant simulacrum (IceCv)
  A water elemental (D:14)
  4 humans (Bailey)
  2 shadows (D:10)
  40 yaks
  3 wraiths
  6 fire elementals (D:15)
  A hog (Swamp:2)
  Eustachio (D:4)
  7 wyverns
  2 redbacks (Gauntlet)
  A golden eye (shapeshifter) (D:14)
  9 basilisks
  A death yak simulacrum (IceCv)
  8 vampire mosquitoes
  5 steam dragons
  4 nagas (Lair:3)
  4 wargs
  9 swamp worms
  2 acid dragons
  9 water moccasins
  42 orc warriors
  A hydra simulacrum (IceCv)
  5 hell hounds
  A swamp drake (Swamp:2)
  2 ice beasts (D:6)
  2 black bears
  The ghost of Syrassil the Chopper, an amateur HOMo (D:3)
  2 sky beasts
  10 ogres
  16 wolves
  15 centaurs
  A phantom (D:5)
  3 kobold brigands
  26 bullfrogs
  3 two-headed ogre simulacra (IceCv)
  4 scorpions
  4 wights
  8 killer bees
  An elephant simulacrum (IceCv)
  3 howler monkeys
  8 electric eels
  3 lava snakes (Lair:5)
  11 jellies
  A hound (D:7)
  25 orc priests
  A gnoll bouda (Orc:2)
  2 sleepcaps
  3 iguanas
  11 orc wizards
  2 spriggan simulacra (IceCv)
  2 polar bear simulacra (IceCv)
  2 troll simulacra (IceCv)
  A wolf simulacrum (IceCv)
  A mummy (D:7)
  4 gnolls (Orc:2)
  15 adders
  5 river rats (Sewer)
  A shadow imp (D:7)
  16 white imps
  3 ufetubi (IceCv)
  A worm (D:3)
  2 dart slugs
  87 orcs
  18 bats
  23 endoplasms
  5 giant cockroaches
  12 goblins
  8 hobgoblins
  4 jackals
  6 quokkas
  8 ball pythons
  3 frilled lizards
  12 kobolds
  2 kobold zombies (D:7)
  2 orc zombies (D:7)
  4 rats
  A lurking horror (Swamp:1)
813 creatures vanquished.

Vanquished Creatures (collateral kills)
  5 wights
5 creatures vanquished.

Vanquished Creatures (others)
  Aizul (Swamp:3)
  A hydra (Swamp:3)
  2 bloated husks
  A human (Swamp:3)
  2 dancing weapons (D:7)
  A swamp worm (Swamp:3)
  2 orc priests
  2 orc wizards (Orc:2)
  2 orcs (Orc:2)
  2 foxfires (Swamp:3)
  A lurking horror (Swamp:1)
  A spectral weapon (D:15)
18 creatures vanquished.

Grand Total: 836 creatures vanquished

Notes
Turn   | Place    | Note
-------+----------+-------------------------------------------
     0 | D:1      | tilp the Vampire Enchanter began the quest for the Orb.
     0 | D:1      | Reached XP level 1. HP: 13/13 MP: 3/3
   155 | D:1      | Reached XP level 2. HP: 20/20 MP: 5/5
   158 | D:1      | Learned a level 2 spell: Ensorcelled Hibernation
   822 | D:2      | Reached skill level 1 in Fighting
   825 | D:2      | You fall into a shaft and drop 1 floor!
   884 | D:3      | Gained mutation: You are afflicted with vampirism and can
                  | become a bat while bloodless. [Vampire growth]
   884 | D:3      | Reached XP level 3. HP: 25/26 MP: 6/6
   976 | D:3      | Reached XP level 4. HP: 13/32 MP: 1/7
   984 | D:3      | Reached skill level 5 in Stealth
  1106 | D:3      | Found a runed translucent door.
  1106 | D:3      | Noticed Syrassil's ghost (amateur HOMo)
  1188 | D:3      | Reached skill level 5 in Hexes
  1188 | D:3      | Reached XP level 5. HP: 10/38 MP: 8/8
  1281 | D:3      | Found a glowing drain.
  1291 | Sewer    | Entered a sewer
  1549 | Sewer    | Reached XP level 6. HP: 16/46 MP: 1/9
  1561 | Sewer    | HP: 1/46 [river rat (9)]
  2399 | D:2      | Learned a level 3 spell: Confusing Touch
  2403 | D:2      | Learned a level 3 spell: Tukima's Dance
  3478 | D:3      | Killed Syrassil's ghost
  3497 | D:3      | Identified a scroll of acquirement
  3587 | D:4      | Noticed Eustachio
  3600 | D:4      | Killed Eustachio
  3601 | D:4      | Reached skill level 6 in Stealth
  3601 | D:4      | Reached XP level 7. HP: 44/52 MP: 2/11
  4006 | D:4      | Found a sparkling altar of Nemelex Xobeh.
  4438 | D:5      | Entered Level 5 of the Dungeon
  4672 | D:5      | Found a staircase to the Ecumenical Temple.
  4717 | Temple   | Entered the Ecumenical Temple
  4747 | Temple   | Became a worshipper of the Wu Jian Council
  4936 | D:5      | Reached skill level 5 in Short Blades
  5076 | D:5      | Found a shimmering altar of Xom.
  5076 | D:5      | Found an opulent altar of Gozag.
  5229 | D:5      | Found a blossoming altar of Fedhas.
  5247 | D:5      | Noticed an oklob plant
  5398 | D:5      | Reached XP level 8. HP: 43/60 MP: 8/13
  5463 | D:5      | Found a bloodstained altar of Trog.
  5951 | D:5      | Learned a level 3 spell: Dazzling Flash
  6314 | D:6      | Reached skill level 7 in Stealth
  6616 | D:6      | Found a shadowy altar of Dithmenos.
  6973 | D:7      | Noticed zurenarrh's ghost (novice FoEE)
  6974 | D:7      | Found a bloodstained altar of Trog.
  6974 | D:7      | Found a transporter.
  6974 | D:7      | Noticed a moth of wrath
  6993 | D:7      | Found a transporter.
  7049 | D:7      | Reached skill level 1 in Shields
  7049 | D:7      | Reached skill level 1 in Evocations
  7133 | D:7      | Noticed Jeremiah
  7371 | D:6      | Reached * piety under Wu Jian
  7372 | D:6      | Reached skill level 5 in Fighting
  7636 | D:6      | Reached XP level 9. HP: 40/68 MP: 5/15
  7908 | D:7      | Reached skill level 8 in Stealth
  8119 | D:7      | Killed Jeremiah
  8319 | D:7      | Reached skill level 9 in Stealth
  8466 | D:7      | Found a hazy altar of Hepliaklqana.
  8555 | D:7      | Reached skill level 5 in Spellcasting
  8680 | D:7      | Acquired 1177 gold pieces
  8939 | D:8      | Reached ** piety under Wu Jian
  9001 | D:8      | Reached XP level 10. HP: 76/76 MP: 7/17
  9005 | D:8      | Noticed a two-headed ogre
  9028 | D:8      | Noticed a manticore
  9072 | D:8      | Killed a manticore
  9073 | D:8      | Reached skill level 10 in Stealth
  9138 | D:8      | Found a flagged portal.
  9153 | Bailey   | Entered a bailey
  9173 | Bailey   | Reached skill level 10 in Short Blades
  9523 | Bailey   | Reached skill level 1 in Armour
  9525 | Bailey   | Reached skill level 1 in Conjurations
  9671 | Bailey   | Noticed a vault guard
  9675 | Bailey   | Reached skill level 1 in Ice Magic
  9703 | Bailey   | Killed a vault guard
  9768 | Bailey   | Noticed Prince Ribbit
  9768 | Bailey   | Noticed a vault guard
  9783 | Bailey   | Killed Prince Ribbit
  9795 | Bailey   | Killed a vault guard
  9913 | D:8      | Noticed a white ugly thing
  9918 | D:8      | Killed a white ugly thing
  9919 | D:8      | Reached XP level 11. HP: 83/83 MP: 18/18
  9993 | D:8      | Found a sacrificial altar of Ru.
 10038 | D:8      | Reached *** piety under Wu Jian
 10170 | D:8      | Killed a two-headed ogre
 10933 | D:8      | Reached **** piety under Wu Jian
 11275 | D:9      | Noticed a two-headed ogre
 11281 | D:9      | Killed a two-headed ogre
 11318 | D:9      | Noticed a two-headed ogre
 11338 | D:9      | Killed a two-headed ogre
 11339 | D:9      | Reached skill level 5 in Dodging
 11467 | D:9      | Reached skill level 10 in Hexes
 11721 | D:9      | Reached skill level 11 in Stealth
 12091 | D:10     | Entered Level 10 of the Dungeon
 12151 | D:10     | Found a snail-covered altar of Cheibriados.
 12905 | D:10     | Found a hide-covered altar of Uskayaw.
 12983 | D:10     | Noticed Snorg
 13010 | D:10     | Reached ***** piety under Wu Jian
 13213 | D:10     | Found a stormy altar of Qazlal.
 13481 | D:10     | Reached skill level 12 in Stealth
 13481 | D:10     | Reached XP level 12. HP: 92/92 MP: 19/21
 13533 | D:11     | Found a staircase to the Orcish Mines.
 13535 | D:11     | Noticed a two-headed ogre
 13545 | D:11     | Killed a two-headed ogre
 13600 | D:11     | Found a staircase to the Lair.
 13883 | D:11     | Reached XP level 13. HP: 94/98 MP: 19/22
 14349 | D:12     | Learned a level 4 spell: Cause Fear
 14434 | D:12     | Reached skill level 5 in Armour
 14648 | D:12     | Found an ornate altar of the Wu Jian Council.
 15189 | D:12     | Noticed Psyche
 15541 | D:12     | Killed Psyche
 15671 | Lair:1   | Entered Level 1 of the Lair of Beasts
 15990 | Lair:1   | Reached skill level 10 in Fighting
 16011 | Lair:1   | Found a runed translucent door.
 16012 | Lair:1   | Noticed Ge0ff's ghost (journeyman OpHs)
 16844 | Lair:1   | Killed Ge0ff's ghost
 16848 | Lair:1   | Got a vellum book
 17009 | Lair:2   | Reached ****** piety under Wu Jian
 17233 | Lair:2   | Found a staircase to the Swamp.
 18163 | Lair:2   | Reached XP level 14. HP: 82/111 MP: 1/25
 18308 | Lair:3   | Reached skill level 5 in Shields
 18839 | Lair:3   | Reached skill level 13 in Stealth
 18839 | Lair:3   | Reached skill level 5 in Evocations
 19046 | Lair:3   | Found a staircase to the Snake Pit.
 19637 | Lair:4   | Noticed Nessos
 19644 | Lair:4   | Killed Nessos
 20120 | Lair:5   | Entered Level 5 of the Lair of Beasts
 20673 | Lair:5   | Found a staircase to the Slime Pits.
 20775 | Lair:5   | Identified the +0 robe "Mythopp" {Rampage rElec rC- Regen+}
 21970 | Lair:5   | Found a large runed translucent door.
 21971 | Lair:5   | Found a large runed translucent door.
 22334 | Orc:1    | Entered Level 1 of the Orcish Mines
 22445 | Orc:1    | Reached skill level 14 in Stealth
 22734 | Orc:2    | Entered Level 2 of the Orcish Mines
 22734 | Orc:2    | Found a staircase to the Elven Halls.
 22854 | Orc:2    | Found a frozen archway.
 22865 | IceCv    | Entered an ice cave
 23812 | IceCv    | Noticed a reaper
 23845 | IceCv    | Killed a reaper
 24103 | IceCv    | Reached XP level 15. HP: 87/120 MP: 23/27
 25334 | Orc:2    | Found a runed translucent door.
 25538 | Orc:2    | Found Teocaul's Antique Weapon Shop.
 25538 | Orc:2    | Found Nuibil's Jewellery Emporium.
 25540 | Orc:2    | Found Oruabb's Antique Armour Shoppe.
 25542 | Orc:2    | Found Ohautesywn's Antique Armour Boutique.
 25642 | Orc:2    | Noticed emiel's ghost (journeyman FoEE)
 25850 | Orc:2    | Bought the +8 Vampire's Tooth {megavamp} for 1620 gold
                  | pieces
 25850 | Orc:2    | Bought a fine dagger for 189 gold pieces
 25850 | Orc:2    | Identified the +11 dagger of a bazaar {spect, rF+ Stlth+}
                  | (You bought it in a shop on level 2 of the Orcish Mines)
 25850 | Orc:2    | Found the +8 Vampire's Tooth {megavamp}
 26016 | Orc:2    | Bought a pair of glowing boots for 232 gold pieces
 26016 | Orc:2    | Bought a shimmering leather armour for 217 gold pieces
 26016 | Orc:2    | Identified the +2 leather armour "Jerchuiph" {rF+} (You
                  | bought it in a shop on level 2 of the Orcish Mines)
 26016 | Orc:2    | Bought a glowing scale mail for 217 gold pieces
 26104 | D:13     | Found a gate leading to a gauntlet.
 26123 | Gauntlet | Entered a Gauntlet
 26123 | Gauntlet | Found a transporter.
 26130 | Gauntlet | Found a runed translucent door.
 26132 | Gauntlet | Found a transporter.
 26134 | Gauntlet | Found a runed translucent door.
 26144 | Gauntlet | Found a transporter.
 26148 | Gauntlet | Found a transporter.
 26160 | Gauntlet | Found a transporter.
 26178 | Gauntlet | Found a transporter.
 26182 | Gauntlet | Found a transporter.
 26185 | Gauntlet | Found a transporter.
 26208 | Gauntlet | Found a transporter.
 26216 | Gauntlet | Found a transporter.
 26216 | Gauntlet | Found a transporter.
 26218 | Gauntlet | Found a runed translucent door.
 26220 | Gauntlet | Found a runed translucent door.
 26224 | Gauntlet | Found a transporter.
 26391 | Gauntlet | Reached skill level 10 in Dodging
 26735 | D:13     | Reached skill level 15 in Stealth
 26892 | D:13     | Found a gate to the Vaults.
 27405 | D:13     | Reached skill level 15 in Hexes
 27822 | D:14     | Found Puocwa Sidd's Distillery.
 27830 | D:14     | Acquired 540 gold pieces
 27832 | D:14     | Bought a potion of mutation for 80 gold pieces
 27832 | D:14     | Bought a potion of heal wounds for 50 gold pieces
 27832 | D:14     | Bought a potion of mutation for 80 gold pieces
 27832 | D:14     | Bought a potion of mutation for 80 gold pieces
 27832 | D:14     | Bought a potion of magic for 80 gold pieces
 27832 | D:14     | Bought a potion of heal wounds for 50 gold pieces
 27832 | D:14     | Bought a potion of attraction for 30 gold pieces
 27933 | D:14     | Found a sacrificial altar of Ru.
 28268 | D:15     | Entered Level 15 of the Dungeon
 28466 | D:15     | HP: 3/120 [white ugly thing (26)]
 28670 | D:15     | Paralysed by a great orb of eyes for 3 turns
 28720 | D:15     | Found a staircase to the Depths.
 29023 | D:15     | Noticed Azrael
 29071 | D:15     | Killed Azrael
 29123 | D:15     | Found Usaf's Book Boutique.
 29137 | D:15     | Reached XP level 16. HP: 129/129 MP: 29/29
 29405 | D:15     | Learned a level 4 spell: Anguish
 29411 | D:15     | Learned a level 5 spell: Silence
 29416 | D:15     | Learned a level 4 spell: Fulminant Prism
 29419 | D:15     | Learned a level 2 spell: Blink
 29422 | D:15     | Learned a level 2 spell: Lesser Beckoning
 29599 | Snake:1  | Entered Level 1 of the Snake Pit
 29599 | Snake:1  | Noticed Roxanne
 29654 | Swamp:1  | Entered Level 1 of the Swamp
 29841 | Swamp:1  | Found a corrupted altar of Lugonu.
 30187 | Swamp:1  | Found a one-way gate to the infinite horrors of the Abyss.
 30352 | Swamp:1  | Reached skill level 1 in Translocations
 30557 | Swamp:2  | Found a hazy altar of Hepliaklqana.
 30581 | Swamp:2  | Reached skill level 1 in Air Magic
 30797 | Orc:2    | Bought the amulet of the Tired Allies {Acrobat Fragile Fly
                  | rPois Int+2} for 628 gold pieces
 31254 | Swamp:3  | Noticed Donald
 31265 | Swamp:3  | Killed Donald
 31283 | Swamp:3  | Identified the +1 pair of gloves of Awkydd {Regen+ Int-4
                  | Slay+3 Stlth+}
 31283 | Swamp:3  | Noticed Nikola
 31462 | Swamp:3  | Noticed a thorn hunter
 32040 | Swamp:3  | Noticed Aizul
 32042 | Swamp:3  | Noticed Kirke
 32047 | Swamp:3  | Killed Aizul
 32280 | Swamp:3  | Killed Kirke
 32290 | Swamp:3  | Reached skill level 16 in Stealth
 32602 | Swamp:3  | Killed from afar by Nikola

Illustrated notes

Levels and vault maps discovered:
D:1:      dpeg_arrival_shelter, layout_loops_corners, minmay_cupped
D:2:      layout_loops_ring
D:3:      layout_basic, overflow_temple_1_default,
          hellmonk_ghost_happy_afterlife, portal_sewer_entry_d
D:4:      layout_basic, lemuel_crystal_altar, skrybe_limestone_x,
          hangedman_abyss_or_decor_stagger, uniq_eustachio
D:5:      layout_basic, tgw_fedhas, kennysheep_mini_moat,
          nicolae_overflow_two_pavilions, minmay_temple_entry_enclosed_plants,
          grunt_ministairs_13, kennysheep_windowed_goal
D:6:      layout_basic, kennysheep_mini, dk_noncrumbling_4,
          small_statue_intersection
D:7:      cheibrodos_fertilizer, layout_rooms,
          worldfamousw_hep_ancestral_shrine, gammafunk_ghost_wrathful_warriors,
          minmay_mini_ossuary, uniq_jeremiah
D:8:      lemuel_slime, layout_loops_corners, nicolae_overflow_crystal_walls,
          mainiacjoe_overflow_cross_hatched, enter_bailey_3, special_room
          [special_room_orc]
D:9:      layout_grid_maze
D:10:     layout_basic, mainiacjoe_overflow_24_doors, nicolae_uskayaw_suspiria,
          mainiacjoe_overflow_concentric_impassable, uniq_snorg
D:11:     layout_loops_ring, erik_lair_orcish_takeover, orc_0_dummy
D:12:     layout_roguey, minmay_misc_feat_nine_boxes, nzn_wu_jian_contemplation,
          uniq_psyche
D:13:     layout_basic, hangedman_vaults_entry_quadrant_bands,
          gauntlet_entry_generic, minmay_puff
D:14:     layout_basic, serial_shops, nicolae_shop_industrial_runoff,
          nicolae_elyvilon_temple_path, nicolae_ru_path_of_blood
D:15:     gammafunk_enter_depths_forms, layout_cross, serial_shops, shop_statue,
          uniq_azrael
Temple:   kb_temple_of_zot
Lair:1:   layout_roguey, gammafunk_ghost_grave
Lair:2:   layout_concentric_octagons, skrybe_swamp_entry_bodies
Lair:3:   layout_big_grid, minmay_snake_entry_guardpost_small,
          grunt_megastairs_3
Lair:4:   layout_gridlike, cheibrodos_lair_lostbears, uniq_nessos
Lair:5:   cheibrodos_lair_end_hotspot, layout_layer_cave,
          minmay_slime_entry_pillars
Swamp:1:  layout_basic_swamp, serial_swamp_ruin, evilmike_swamp_ruin_rubble_1,
          evilmike_swamp_ruin_house_3, amcnicky_altar_lugonu_corruption,
          infiniplex_staircase_pool_2
Swamp:2:  layout_basic_swamp, basic_altar
Swamp:3:  layout_basic_swamp, evilmike_swamp_ruin_house_5, uniq_nikola,
          uniq_louise, uniq_kirke, uniq_donald, uniq_aizul
Snake:1:  layout_misc_corridors, uniq_roxanne
Orc:1:    layout_diamond_mine
Orc:2:    st_orc_rangers, layout_caves, portal_ice_cave_entry_imps,
          ebering_ghost_reflecting_pool

Skill      XL: |  1  2  3  4  5  6  7  8  9 10 11 12 13 14 15 16 |
---------------+-------------------------------------------------+-----
Fighting       | 1 2 3 4 5 6 7 8 10 11 12 | 12.9
Short Blades   | 2 3 4 5 6 8 10 | 10.0
Stealth        | 5 6 7 9 10 12 14 15 16 | 16.0
Dodging        | 3 4 6 8 9 10 | 10.0
Hexes          | 5 6 7 8 9 11 12 13 15 | 15.8
Spellcasting   | 3 4 5 6 7 8 9 |  9.6
Shields        | 1 2 4 6 |  6.0
Evocations     | 1 2 4 6 8 |  8.7
Armour         | 2 4 5 6 |  6.0
Conjurations   | 1 2 3 4 |  4.0
Ice Magic      | 1 3 4 |  4.0
Translocations | 2 |  2.6
Air Magic      | 2 |  2.1

Action                     |  1- 3 |  4- 6 |  7- 9 | 10-12 | 13-15 | 16-18 || total
---------------------------+-------+-------+-------+-------+-------+-------++-------
  Melee: Dagger            |    67 |   274 |   337 |   368 |  1398 |   128 ||  2572
         Bite              |     5 |    25 |    33 |    41 |   222 |    16 ||   342
         Punch             |       |     4 |       |       |     1 |       ||     5
  Throw: Dart              |       |       |       |     2 |       |       ||     2
   Cast: Ensorcelled Hiber |     7 |    15 |    71 |   107 |   340 |    35 ||   575
         Confusing Touch   |       |     2 |     8 |     7 |    64 |     7 ||    88
         Tukima's Dance    |       |       |     7 |    10 |     1 |       ||    18
         Dazzling Flash    |       |       |     3 |     3 |    29 |     1 ||    36
         Cause Fear        |       |       |       |       |     1 |       ||     1
Ability: Lunge             |       |       |    21 |    23 |   113 |    12 ||   169
         Whirlwind         |       |       |     7 |    11 |    59 |     5 ||    82
  Evoke: Wand              |       |       |     1 |     4 |     1 |       ||     6
    Use: Potion            |     1 |     2 |       |     1 |     1 |       ||     5
         Scroll            |       |    10 |    10 |     3 |    12 |     4 ||    39
   Stab: Sleeping          |    14 |    26 |    49 |    84 |   274 |    34 ||   481
         Invisible         |     1 |     4 |     2 |     1 |    40 |       ||    48
         Confused          |       |     3 |     7 |     6 |    62 |     5 ||    83
         Paralysed         |       |       |     1 |       |     1 |       ||     2
         Distracted        |       |       |     1 |     1 |     6 |     1 ||     9
 Armour: Robe              |    15 |   106 |    93 |     3 |       |       ||   217
         Steam dragon scal |       |       |       |    75 |   113 |       ||   188
         Leather armour    |       |       |       |       |   446 |   121 ||   567
  Dodge: Dodged            |    22 |   160 |    90 |    76 |   554 |   101 ||  1003
  Block: Buckler           |       |       |    78 |    80 |   216 |       ||   374
         Reflection        |       |       |     2 |       |    39 |       ||    41
         Other             |       |       |       |     1 |     8 |       ||     9
         Orb               |       |       |       |       |    69 |       ||    69

Table legend: (Time is in decaauts)
 A = Elapsed time spent in this place.
 B = Non-inter-level travel time spent in this place.
 C = Inter-level travel time spent in this place.
 D = Time resting spent in this place.
 E = Time spent auto-exploring this place.
 F = Levels seen in this place.
 G = Mean time per level.
                   A        B        C        D        E       F      G
               +--------+--------+--------+--------+--------+-----+--------+
         Total |  31777 |  29912 |   1865 |   6911 |  16439 |  31 | 1025.1 |
       Dungeon |  16645 |  15640 |   1005 |   1969 |  10558 |  15 | 1109.7 |
        Temple |     60 |      1 |     59 |      0 |      0 |   1 |   60.0 |
          Lair |   6548 |   6077 |    471 |   1383 |   3490 |   5 | 1309.6 |
         Swamp |   2790 |   2647 |    143 |   1321 |    774 |   3 |  930.0 |
     Snake Pit |      1 |      1 |      0 |      0 |      0 |   1 |    1.0 |
  Orcish Mines |   1917 |   1731 |    186 |    297 |    824 |   2 |  958.5 |
         Sewer |   1136 |   1136 |      0 |    281 |    525 |   1 | 1136.0 |
        Bailey |    695 |    695 |      0 |    473 |      0 |   1 |  695.0 |
      Ice Cave |   1554 |   1554 |      0 |   1091 |    134 |   1 | 1554.0 |
      Gauntlet |    425 |    425 |      0 |     96 |    133 |   1 |  425.0 |
               +--------+--------+--------+--------+--------+-----+--------+

Top non-repeatable levels by time:
  Lair:5: 2084 daAuts
 Swamp:2: 1744 daAuts
   IceCv: 1554 daAuts
    D:10: 1514 daAuts
   Orc:2: 1483 daAuts
     D:8: 1476 daAuts
     D:5: 1474 daAuts
     D:7: 1462 daAuts
  Lair:1: 1408 daAuts
    D:12: 1379 daAuts
     D:6: 1366 daAuts
  Lair:2: 1314 daAuts
   Sewer: 1136 daAuts
    D:13: 1086 daAuts
    D:15: 1041 daAuts
